[Event "Belarus-ch Women 2022"]
[Site "Minsk"]
[Date "2022.01.13"]
[Round "1.1"]
[White "Ajusheva, Renata"]
[Black "Sidorenja, Milena"]
[Result "1/2-1/2"]
[ECO "A11"]
[WhiteElo "1464"]
[BlackElo "1510"]
[Annotator "NA"]
[PlyCount "61"]
[EventDate "2022.01.11"]
[EventType "tourn"]
[EventCountry "BLR"]
[SourceTitle "playchess.com"]
[Source "ChessBase"]
[SourceQuality "1"]
[TimeControl "40/5400+30:1800+30"]

1. c4 e6 2. Nf3 d5 3. e3 c6 4. Be2 f5 5. Nc3 Nf6 6. b3 Bd6 7. Bb2 O-O 8. Qc2 a6 9. a3 b5 10. O-O Ra7 11. c5 Bc7 12. Na2 Qe7 13. Ne5 Nfd7 14. Nxd7 Nxd7 15. d4 Rf6 16. f4 Rh6 17. Bf3 g5 18. g3 Rg6 19. Kh1 g4 20. Be2 h5 21. Kg2 h4 22. Rh1 Nf6 23. Bd3 Qh7 24. Nc3 Bb8 25. Qd1 Rf7 26. Ne2 Ne4 27. Bxe4 fxe4 28. Bc3 Rgf6 29. Qc1 Rf8 30. Rb1 Qh5 31. b4 1/2-1/2

[Event "Belarus-ch Women 2022"]
[Site "Minsk"]
[Date "2022.01.13"]
[Round "1.2"]
[White "Zeliantsova, Kseniya"]
[Black "Bendik, Margarita"]
[Result "1-0"]
[ECO "B01"]
[WhiteElo "1988"]
[BlackElo "1388"]
[Annotator "ChessBase"]
[PlyCount "64"]
[EventDate "2022.01.11"]
[EventType "tourn"]
[EventCountry "BLR"]
[SourceTitle "playchess.com"]
[Source "ChessBase"]
[SourceQuality "1"]
[TimeControl "40/5400+30:1800+30"]

1. e4 d5 2. exd5 Qxd5 3. Nc3 Qd6 4. d4 Nf6 5. Nf3 c6 6. Ne5 Nbd7 7. f4 Nb6 8. g4 g6 9. Bg2 Bg7 10. O-O O-O 11. g5 Nfd5 12. Ne4 Qc7 13. c3 f6 14. Nd3 Nc4 15. Qe2 Bf5 16. Ndc5 b5 17. a4 a6 18. Ng3 Qd6 19. Nxf5 gxf5 20. Ne6 Rf7 21. axb5 cxb5 22. Bxd5 Qxd5 23. Nc7 Qc6 24. Nxa8 Qxa8 25. Qe6 Nd6 26. h4 Kf8 27. Qa2 Qe4 28. Qxa6 Qd3 29. Qa8+ Ne8 30. Qf3 Qc4 31. Ra8 e5 32. b3 Qe6 1-0

[Event "Belarus-ch Women 2022"]
[Site "Minsk"]
[Date "2022.01.13"]
[Round "1.3"]
[White "Norman, Kseniya"]
[Black "Liashkevich, Lizaveta"]
[Result "1/2-1/2"]
[ECO "B28"]
[WhiteElo "1810"]
[BlackElo "1569"]
[Annotator "NA"]
[PlyCount "108"]
[EventDate "2022.01.11"]
[EventType "tourn"]
[EventCountry "BLR"]
[SourceTitle "playchess.com"]
[Source "ChessBase"]
[SourceQuality "1"]
[TimeControl "40/5400+30:1800+30"]

1. e4 c5 2. Nf3 a6 3. c4 Nc6 4. Nc3 e5 5. Be2 g6 6. d3 Bg7 7. Bg5 Nge7 8. Nd5 Qa5+ 9. Qd2 Qxd2+ 10. Kxd2 Nxd5 11. exd5 Nd4 12. Nxd4 cxd4 13. Kc2 d6 14. Rhe1 f5 15. Bf3 Kf7 16. Bd2 b5 17. cxb5 axb5 18. Kb3 Bd7 19. Bb4 Ra6 20. Rac1 Rb8 21. Rc7 Ke8 22. Rec1 Bf6 23. R1c6 Bxc6 24. dxc6 Be7 25. Bd5 Rd8 26. Rb7 Rc8 27. Rxb5 Raxc6 28. Bxc6+ Rxc6 29. f3 Kd7 30. a4 Kc7 31. Ba5+ Kc8 32. Bb6 Bd8 33. Bxd8 Kxd8 34. Rb7 d5 35. Rb8+ Kc7 36. Rb4 Rc1 37. a5 Rc5 38. Ka4 Rc1 39. Kb5 Kb7 40. Ra4 Rc2 41. Rb4 e4 42. dxe4 fxe4 43. fxe4 dxe4 44. Ka4+ Ka7 45. Rxd4 Rxb2 46. Rxe4 Rxg2 47. Re7+ Ka6 48. Rxh7 Rg4+ 49. Kb3 Kxa5 50. Kc3 Kb5 51. Kd3 Kc5 52. Ke3 g5 53. Rh5 Kd6 54. Kf3 Rh4 1/2-1/2

[Event "Belarus-ch Women 2022"]
[Site "Minsk"]
[Date "2022.01.13"]
[Round "1.4"]
[White "Khomich, Maryna"]
[Black "Shaban, Aliaksandra"]
[Result "1-0"]
[ECO "E69"]
[WhiteElo "1627"]
[BlackElo "1680"]
[Annotator "NA"]
[PlyCount "103"]
[EventDate "2022.01.11"]
[EventType "tourn"]
[EventCountry "BLR"]
[SourceTitle "playchess.com"]
[Source "ChessBase"]
[SourceQuality "1"]
[TimeControl "40/5400+30:1800+30"]

1. c4 Nf6 2. Nf3 g6 3. g3 Bg7 4. Bg2 O-O 5. O-O d6 6. d4 Nbd7 7. Nc3 e5 8. e4 Qe7 9. Re1 c6 10. h3 Nb6 11. b3 Nfd7 12. Qd2 exd4 13. Nxd4 Nc5 14. Bb2 Qc7 15. Rad1 a5 16. Qe2 Bd7 17. Bc1 Rae8 18. Bf4 f5 19. Qd2 Be5 20. Bh6 Rf7 21. exf5 gxf5 22. Nf3 Ne6 23. Ne2 a4 24. Nf4 axb3 25. axb3 Nc5 26. Nh5 Qd8 27. Nxe5 dxe5 28. Bg5 Nxb3 29. Bxd8 Nxd2 30. Bxb6 Nxc4 31. Be3 Nxe3 32. Rxe3 Kf8 33. Bf1 b5 34. Nf6 Rxf6 35. Rxd7 h6 36. Rc7 e4 37. Rc3 Ree6 38. h4 Ke8 39. Bh3 Kd8 40. Rb7 Re5 41. Ra3 Kc8 42. Rh7 Kb8 43. Raa7 Ree6 44. Rab7+ Kc8 45. Rbg7 Re8 46. g4 Rd8 47. g5 hxg5 48. hxg5 Rff8 49. Rc7+ Kb8 50. Rxc6 Rd5 51. g6 Rg8 52. Rf7 1-0

[Event "Belarus-ch Women 2022"]
[Site "Minsk"]
[Date "2022.01.13"]
[Round "1.5"]
[White "Koishman, Karina"]
[Black "Poliakova, Varvara"]
[Result "0-1"]
[ECO "D01"]
[WhiteElo "1359"]
[BlackElo "2116"]
[Annotator "ChessBase"]
[PlyCount "64"]
[EventDate "2022.01.11"]
[EventType "tourn"]
[EventCountry "BLR"]
[SourceTitle "playchess.com"]
[Source "ChessBase"]
[SourceQuality "1"]
[TimeControl "40/5400+30:1800+30"]

1. d4 d5 2. Nc3 Nf6 3. Bg5 Nbd7 4. f3 c6 5. Qd2 e5 6. e3 Be7 7. O-O-O O-O 8. Nge2 b5 9. Ng3 exd4 10. exd4 Nb6 11. Bd3 Nc4 12. Qf4 Qa5 13. Bxf6 Bxf6 14. Nh5 Bd8 15. Kb1 Nxb2 16. Kxb2 Qb4+ 17. Kc1 Qxc3 18. Qe5 f6 19. Qg3 Qa3+ 20. Kb1 Qb4+ 21. Kc1 Qe7 22. Rhe1 Qf7 23. Nf4 Bc7 24. h4 Bd6 25. Qh2 Qc7 26. g3 Qa5 27. Qd2 Qxa2 28. Bxh7+ Kxh7 29. Qd3+ Kg8 30. Nh5 Ba3+ 31. Kd2 Bb4+ 32. Ke2 Qc4 0-1

[Event "Belarus-ch Women 2022"]
[Site "Minsk"]
[Date "2022.01.13"]
[Round "2.1"]
[White "Sidorenja, Milena"]
[Black "Poliakova, Varvara"]
[Result "1-0"]
[ECO "B22"]
[WhiteElo "1510"]
[BlackElo "2116"]
[Annotator "ChessBase"]
[PlyCount "85"]
[EventDate "2022.01.11"]
[EventType "tourn"]
[EventCountry "BLR"]
[SourceTitle "playchess.com"]
[Source "ChessBase"]
[SourceQuality "1"]
[TimeControl "40/5400+30:1800+30"]

1. e4 c5 2. c3 Nf6 3. e5 Nd5 4. d4 cxd4 5. cxd4 e6 6. Nc3 d6 7. f4 dxe5 8. fxe5 Bb4 9. Bb5+ Bd7 10. Bxd7+ Nxd7 11. Qd3 Rc8 12. Bd2 N7b6 13. a3 Be7 14. Nf3 Nc4 15. O-O Nxd2 16. Nxd2 O-O 17. Nde4 Rc6 18. Rf3 f5 19. exf6 gxf6 20. Raf1 f5 21. Nxd5 Qxd5 22. Nc3 Qd7 23. d5 Rd6 24. g4 fxg4 25. Rxf8+ Bxf8 26. Ne4 exd5 27. Nxd6 Qxd6 28. Qf5 Qe7 29. Qxd5+ Kh8 30. Qf5 Qc5+ 31. Qxc5 Bxc5+ 32. Kg2 Kg7 33. b4 Be3 34. Re1 Bg5 35. Rd1 Kg6 36. Rd7 Bc1 37. a4 h5 38. Rxb7 Be3 39. b5 h4 40. h3 gxh3+ 41. Kxh3 Kf6 42. a5 Ke6 43. a6 1-0

[Event "Belarus-ch Women 2022"]
[Site "Minsk"]
[Date "2022.01.13"]
[Round "2.2"]
[White "Shaban, Aliaksandra"]
[Black "Koishman, Karina"]
[Result "1/2-1/2"]
[ECO "E33"]
[WhiteElo "1680"]
[BlackElo "1359"]
[Annotator "NA"]
[PlyCount "72"]
[EventDate "2022.01.11"]
[EventType "tourn"]
[EventCountry "BLR"]
[SourceTitle "playchess.com"]
[Source "ChessBase"]
[SourceQuality "1"]
[TimeControl "40/5400+30:1800+30"]

1. d4 Nf6 2. c4 e6 3. Nc3 Bb4 4. Qc2 Nc6 5. Nf3 d5 6. e3 Bxc3+ 7. bxc3 O-O 8. Bd3 Re8 9. O-O e5 10. cxd5 Qxd5 11. e4 Qd6 12. d5 Ne7 13. a4 Ng6 14. Ba3 Qd8 15. Rab1 Nf4 16. Bb5 Bd7 17. Bxd7 Qxd7 18. Rxb7 Nxg2 19. Kh1 Nf4 20. Ng1 N6xd5 21. Rb5 Nf6 22. Rd1 Qe6 23. f3 N6h5 24. Bc1 Rad8 25. Bxf4 Nxf4 26. Rbb1 g6 27. Ne2 Nxe2 28. Qxe2 Qc6 29. Qc2 f5 30. Rxd8 Rxd8 31. Rb5 Qc4 32. Qb3 Qxb3 33. Rxb3 c5 34. Rb5 Rd3 35. Rxc5 Rxf3 36. Rxe5 Rxc3 1/2-1/2

[Event "Belarus-ch Women 2022"]
[Site "Minsk"]
[Date "2022.01.13"]
[Round "2.3"]
[White "Liashkevich, Lizaveta"]
[Black "Khomich, Maryna"]
[Result "1/2-1/2"]
[ECO "D10"]
[WhiteElo "1569"]
[BlackElo "1627"]
[Annotator "NA"]
[PlyCount "71"]
[EventDate "2022.01.11"]
[EventType "tourn"]
[EventCountry "BLR"]
[SourceTitle "playchess.com"]
[Source "ChessBase"]
[SourceQuality "1"]
[TimeControl "40/5400+30:1800+30"]

1. d4 d5 2. c4 c6 3. cxd5 cxd5 4. Bf4 Nc6 5. Nc3 Nf6 6. e3 Bf5 7. Qb3 Na5 8. Qa4+ Bd7 9. Qc2 e6 10. Bd3 Rc8 11. Nf3 Bb4 12. O-O Nc4 13. Rac1 Qa5 14. Bxc4 Rxc4 15. Ne5 Rc8 16. Qb3 Bxc3 17. Rxc3 Rxc3 18. bxc3 Bb5 19. c4 Ba6 20. Rc1 O-O 21. cxd5 Nxd5 22. Bg3 Qd2 23. Qa3 Be2 24. h3 a5 25. Nd7 Rd8 26. Ne5 h6 27. Nc4 Bxc4 28. Rxc4 Ra8 29. Qb3 b6 30. a3 Qe2 31. Kh2 Kh7 32. Qb1+ Kg8 33. Qb3 Kh7 34. Qb1+ Kg8 35. Qb3 Kh7 36. Qb1+ 1/2-1/2

[Event "Belarus-ch Women 2022"]
[Site "Minsk"]
[Date "2022.01.13"]
[Round "2.5"]
[White "Ajusheva, Renata"]
[Black "Zeliantsova, Kseniya"]
[Result "1/2-1/2"]
[ECO "A43"]
[WhiteElo "1464"]
[BlackElo "1988"]
[Annotator "ChessBase"]
[PlyCount "81"]
[EventDate "2022.01.11"]
[EventType "tourn"]
[EventCountry "BLR"]
[SourceTitle "playchess.com"]
[Source "ChessBase"]
[SourceQuality "1"]
[TimeControl "40/5400+30:1800+30"]

1. d4 Nf6 2. Nc3 c5 3. d5 g6 4. e4 d6 5. Bb5+ Bd7 6. a4 Bg7 7. h3 Qc7 8. Nf3 a6 9. Be2 O-O 10. O-O Ra7 11. Re1 e5 12. dxe6 Bxe6 13. Nd5 Bxd5 14. exd5 b6 15. c4 Qd8 16. Bd3 Re7 17. Rxe7 Qxe7 18. Qb3 Nbd7 19. Bf4 Re8 20. Qa2 Nh5 21. Bd2 Ne5 22. Be2 Nxf3+ 23. Bxf3 Qh4 24. Bxh5 Bd4 25. Be3 Bxe3 26. fxe3 gxh5 27. Qb3 Qg3 28. Qxb6 Rxe3 29. Kh1 Rb3 30. Qxa6 Rxb2 31. Rg1 Ra2 32. Qb5 Kg7 33. a5 Qe5 34. a6 Qe4 35. Kh2 h4 36. Kh1 Qc2 37. Qb6 Qxc4 38. Qxd6 Rxa6 39. Qe5+ Kg8 40. Qe8+ Kg7 41. Qe5+ 1/2-1/2

[Event "Belarus-ch Women 2022"]
[Site "Minsk"]
[Date "2022.01.13"]
[Round "3.1"]
[White "Zeliantsova, Kseniya"]
[Black "Sidorenja, Milena"]
[Result "1-0"]
[ECO "B40"]
[WhiteElo "1988"]
[BlackElo "1510"]
[Annotator "ChessBase"]
[PlyCount "85"]
[EventDate "2022.01.11"]
[EventType "tourn"]
[EventCountry "BLR"]
[SourceTitle "playchess.com"]
[Source "ChessBase"]
[SourceQuality "1"]
[TimeControl "40/5400+30:1800+30"]

1. e4 c5 2. Nf3 a6 3. Nc3 b5 4. g3 Bb7 5. Bg2 e6 6. d4 Nf6 7. Qe2 b4 8. Na4 Qa5 9. Nxc5 Bxc5 10. dxc5 Qxc5 11. Be3 Qe7 12. e5 Nd5 13. Bg5 Qc5 14. O-O O-O 15. Nd2 Qxc2 16. Be4 Qxb2 17. Qh5 g6 18. Qh4 Qxe5 19. Nc4 Qd4 20. Nd6 Bc6 21. Bh6 f5 22. Bxf8 Kxf8 23. Rad1 Qf6 24. Qh6+ Kg8 25. Bxd5 Bxd5 26. Ne8 Qf7 27. Nc7 Ra7 28. Nxd5 exd5 29. Rfe1 Nc6 30. Rxd5 Ra8 31. Red1 Rd8 32. Qd2 a5 33. Rxd7 Rxd7 34. Qxd7 Qxd7 35. Rxd7 a4 36. Rc7 Ne5 37. Kg2 a3 38. Rb7 Nd3 39. Kf3 Ne5+ 40. Kf4 Nc6 41. Kg5 Kf8 42. Rb6 Ne5 43. Rxb4 1-0

[Event "Belarus-ch Women 2022"]
[Site "Minsk"]
[Date "2022.01.13"]
[Round "3.2"]
[White "Norman, Kseniya"]
[Black "Ajusheva, Renata"]
[Result "1-0"]
[ECO "A25"]
[WhiteElo "1810"]
[BlackElo "1464"]
[Annotator "NA"]
[PlyCount "107"]
[EventDate "2022.01.11"]
[EventType "tourn"]
[EventCountry "BLR"]
[SourceTitle "playchess.com"]
[Source "ChessBase"]
[SourceQuality "1"]
[TimeControl "40/5400+30:1800+30"]

1. c4 e5 2. g3 g6 3. Bg2 Bg7 4. Nc3 Nc6 5. e3 Nge7 6. Nge2 d6 7. O-O O-O 8. a3 a5 9. Rb1 Be6 10. Nd5 Bf5 11. d3 Rb8 12. Nec3 Nxd5 13. Nxd5 Ne7 14. e4 Bd7 15. Bd2 a4 16. Qc2 b6 17. Nc3 Ra8 18. f4 c5 19. Be3 f6 20. Kh1 Qe8 21. fxe5 fxe5 22. Bg5 Bc6 23. Rxf8+ Qxf8 24. Rf1 Qe8 25. Bh3 h6 26. Be6+ Kh7 27. Bxe7 Qxe7 28. Bd5 Bxd5 29. Nxd5 Qb7 30. Qd1 Ra7 31. Nc3 Qd7 32. Kg2 h5 33. h3 Qe8 34. Nb5 Rf7 35. Rxf7 Qxf7 36. Qf3 Qd7 37. g4 hxg4 38. Qxg4 Qd8 39. Nc3 Bh6 40. Nxa4 Be3 41. h4 Qf8 42. Qf3 Qh6 43. Nxb6 Bc1 44. Nd5 Bxb2 45. a4 Bc1 46. a5 Kg8 47. Nf6+ Kg7 48. Nd7 Bf4 49. Kh3 Qh8 50. Qg4 Kf7 51. Nb6 Qf6 52. Qd7+ Kg8 53. Nd5 Qf8 54. Qe6+ 1-0

[Event "Belarus-ch Women 2022"]
[Site "Minsk"]
[Date "2022.01.13"]
[Round "3.3"]
[White "Khomich, Maryna"]
[Black "Bendik, Margarita"]
[Result "0-1"]
[ECO "A07"]
[WhiteElo "1627"]
[BlackElo "1388"]
[Annotator "NA"]
[PlyCount "64"]
[EventDate "2022.01.11"]
[EventType "tourn"]
[EventCountry "BLR"]
[SourceTitle "playchess.com"]
[Source "ChessBase"]
[SourceQuality "1"]
[TimeControl "40/5400+30:1800+30"]

1. Nf3 Nf6 2. g3 d5 3. Bg2 c6 4. b3 Bf5 5. O-O Nbd7 6. Bb2 Qc7 7. d3 e5 8. Nbd2 Bd6 9. Re1 O-O-O 10. e4 dxe4 11. dxe4 Bg4 12. Qe2 h5 13. Nc4 Nh7 14. Bc3 f6 15. Ba5 b6 16. Nxd6+ Qxd6 17. Qa6+ Kb8 18. Bc3 Nc5 19. Qc4 Qe6 20. Qb4 Bxf3 21. Bxf3 Ng5 22. Bg2 h4 23. Bd2 hxg3 24. hxg3 Ngxe4 25. Be3 f5 26. f3 Na6 27. Qa3 f4 28. fxe4 fxe3 29. Qxa6 Qh6 30. Qe2 Qh2+ 31. Kf1 Rdf8+ 32. Bf3 Qh1# 0-1

[Event "Belarus-ch Women 2022"]
[Site "Minsk"]
[Date "2022.01.13"]
[Round "3.4"]
[White "Koishman, Karina"]
[Black "Liashkevich, Lizaveta"]
[Result "0-1"]
[ECO "D01"]
[WhiteElo "1359"]
[BlackElo "1569"]
[Annotator "NA"]
[PlyCount "66"]
[EventDate "2022.01.11"]
[EventType "tourn"]
[EventCountry "BLR"]
[SourceTitle "playchess.com"]
[Source "ChessBase"]
[SourceQuality "1"]
[TimeControl "40/5400+30:1800+30"]

1. d4 d5 2. Nc3 Nf6 3. Bg5 c6 4. f3 Qb6 5. Qd2 Qxb2 6. Rb1 Qa3 7. e4 dxe4 8. fxe4 Nbd7 9. Nf3 e6 10. Bd3 Qa5 11. O-O h6 12. Be3 Ng4 13. Bf4 e5 14. Nxe5 Ndxe5 15. Bxe5 Nxe5 16. dxe5 Qxe5 17. Ne2 Bd6 18. g3 O-O 19. Nf4 b6 20. Kh1 h5 21. Rbe1 b5 22. c3 a5 23. Bc2 c5 24. Nxh5 Be6 25. Bd1 b4 26. cxb4 axb4 27. Bb3 c4 28. Bxc4 Bxc4 29. Rf5 Qc3 30. Qg5 Qxe1+ 31. Kg2 Bf1+ 32. Rxf1 Qxe4+ 33. Kh3 Qg6 0-1

[Event "Belarus-ch Women 2022"]
[Site "Minsk"]
[Date "2022.01.13"]
[Round "3.5"]
[White "Poliakova, Varvara"]
[Black "Shaban, Aliaksandra"]
[Result "1-0"]
[ECO "B15"]
[WhiteElo "2116"]
[BlackElo "1680"]
[Annotator "ChessBase"]
[PlyCount "115"]
[EventDate "2022.01.11"]
[EventType "tourn"]
[EventCountry "BLR"]
[SourceTitle "playchess.com"]
[Source "ChessBase"]
[SourceQuality "1"]
[TimeControl "40/5400+30:1800+30"]

1. e4 c6 2. d4 d5 3. Nd2 dxe4 4. Nxe4 Nf6 5. Nxf6+ exf6 6. Nf3 Bd6 7. Be3 Bg4 8. Qd2 Nd7 9. Bd3 Qc7 10. O-O-O Nf8 11. d5 a6 12. dxc6 Qxc6 13. Nd4 Qc7 14. Nf5 Bxf5 15. Bxf5 Rd8 16. Qd5 g6 17. Be4 b5 18. Qc6+ Qxc6 19. Bxc6+ Ke7 20. Rd3 Ne6 21. Rhd1 f5 22. g3 f4 23. Bb6 Rb8 24. Ba5 Be5 25. Rd7+ Kf6 26. c3 Nc5 27. R7d5 Ne6 28. Bb4 Rhc8 29. Bd7 Rg8 30. Re1 Bc7 31. Bxe6 fxe6 32. Rc5 Bb6 33. Rc6 Rge8 34. Re4 fxg3 35. fxg3 Rb7 36. Bd6 g5 37. g4 a5 38. Re2 Kf7 39. Kc2 h6 40. Re1 Bd8 41. Rc8 Rd7 42. Bg3 Ree7 43. Be5 Kg6 44. Rc6 Re8 45. Bd4 Kf7 46. Rf1+ Kg6 47. Re1 Kf7 48. Rc8 Rd5 49. Be5 Rd7 50. Rf1+ Kg6 51. Rd1 Rxd1 52. Kxd1 Kf7 53. Rb8 Be7 54. Rxb5 Rd8+ 55. Kc2 Rd5 56. Rxd5 exd5 57. Kd3 Bf8 58. b3 1-0

[Event "Belarus-ch Women 2022"]
[Site "Minsk"]
[Date "2022.01.14"]
[Round "4.1"]
[White "Sidorenja, Milena"]
[Black "Shaban, Aliaksandra"]
[Result "1-0"]
[ECO "D02"]
[WhiteElo "1510"]
[BlackElo "1680"]
[Annotator "NA"]
[PlyCount "109"]
[EventDate "2022.01.11"]
[EventType "tourn"]
[EventCountry "BLR"]
[SourceTitle "playchess.com"]
[Source "ChessBase"]
[SourceQuality "1"]
[TimeControl "40/5400+30:1800+30"]

1. d4 d5 2. c3 Nf6 3. Nf3 e6 4. Bf4 Bd6 5. Bxd6 Qxd6 6. e3 c5 7. Bd3 Nc6 8. O-O O-O 9. Qe2 a6 10. Nbd2 Bd7 11. Rad1 e5 12. dxe5 Nxe5 13. Nxe5 Qxe5 14. e4 dxe4 15. Nxe4 Nxe4 16. Qxe4 Qxe4 17. Bxe4 Bb5 18. Rfe1 Rab8 19. Rd6 Rfe8 20. f3 g6 21. Kf2 Rbd8 22. Red1 Rxd6 23. Rxd6 f5 24. Bd5+ Kg7 25. c4 Bc6 26. Bxc6 bxc6 27. Rxc6 Rd8 28. Ke3 f4+ 29. Ke2 Re8+ 30. Kd2 Rd8+ 31. Kc3 Re8 32. Rxc5 Re2 33. Rd5 Rxg2 34. Rd2 Rg5 35. b4 Re5 36. Rf2 Kf6 37. a4 Re1 38. Kd4 Ke6 39. Kc5 Kd7 40. Rd2+ Kc7 41. b5 axb5 42. axb5 Re6 43. Rd4 Rf6 44. Re4 Rf5+ 45. Kd4 Kd7 46. Re5 Rf6 47. c5 h6 48. Kd5 g5 49. b6 g4 50. b7 Kc7 51. Re7+ Kb8 52. c6 Rf8 53. Kc5 g3 54. Kb6 g2 55. c7# 1-0

[Event "Belarus-ch Women 2022"]
[Site "Minsk"]
[Date "2022.01.14"]
[Round "4.3"]
[White "Bendik, Margarita"]
[Black "Koishman, Karina"]
[Result "0-1"]
[ECO "D05"]
[WhiteElo "1388"]
[BlackElo "1359"]
[Annotator "NA RC"]
[PlyCount "96"]
[EventDate "2022.01.11"]
[EventType "tourn"]
[EventCountry "BLR"]
[SourceTitle "playchess.com"]
[Source "ChessBase"]
[SourceQuality "1"]
[TimeControl "40/5400+30:1800+30"]

1. Nf3 Nf6 2. b3 e6 3. Bb2 d5 4. e3 c5 5. d4 Nc6 6. Bd3 Bd6 7. Nbd2 O-O 8. Ne5 Qc7 9. Nxc6 bxc6 10. dxc5 Be5 11. Qb1 Nd7 12. c3 f5 13. b4 Rb8 14. Nb3 a5 15. a3 h6 16. g3 Bf6 17. Qc2 axb4 18. axb4 Ne5 19. Be2 Nf7 20. O-O Ng5 21. Ra4 e5 22. Rfa1 f4 23. Ra7 Rb7 24. Rxb7 Bxb7 25. h4 Ne4 26. Nd2 Nxd2 27. Qxd2 fxg3 28. fxg3 e4 29. Kg2 Be5 30. Qe1 Rf6 31. Rb1 Rg6 32. g4 Bc8 33. h5 Rg5 34. Qh4 Qe7 35. Qh3 Be6 36. Rg1 Qa7 37. Kf2 Qa2 38. Ba1 Qa3 39. Qf1 Bxc3 40. Bxc3 Qxc3 41. Qb1 Qe5 42. Rg2 d4 43. exd4 Qxd4+ 44. Kf1 e3 45. Qd1 Qf4+ 46. Kg1 Bd5 47. Rh2 Qg3+ 48. Kf1 Qxh2 0-1

[Event "Belarus-ch Women 2022"]
[Site "Minsk"]
[Date "2022.01.14"]
[Round "4.4"]
[White "Ajusheva, Renata"]
[Black "Khomich, Maryna"]
[Result "1/2-1/2"]
[ECO "D02"]
[WhiteElo "1464"]
[BlackElo "1627"]
[Annotator "NA RC"]
[PlyCount "55"]
[EventDate "2022.01.11"]
[EventType "tourn"]
[EventCountry "BLR"]
[SourceTitle "playchess.com"]
[Source "ChessBase"]
[SourceQuality "1"]
[TimeControl "40/5400+30:1800+30"]

1. d4 d5 2. Nf3 Nf6 3. Bf4 Bf5 4. e3 e6 5. Bd3 Bxd3 6. Qxd3 c6 7. c4 Be7 8. Nc3 O-O 9. O-O a6 10. a4 a5 11. h3 Bd6 12. Bxd6 Qxd6 13. Ne5 Nbd7 14. f4 Qc7 15. Rac1 Rad8 16. g4 dxc4 17. Qxc4 Qb6 18. Qe2 c5 19. g5 Ne8 20. Nxd7 Rxd7 21. dxc5 Qxc5 22. Ne4 Qb6 23. Rc8 Rc7 24. Rc1 Rxc1+ 25. Rxc1 Nd6 26. Nxd6 Qxd6 27. Kf2 e5 28. Kg3 1/2-1/2

[Event "Belarus-ch Women 2022"]
[Site "Minsk"]
[Date "2022.01.15"]
[Round "5.1"]
[White "Norman, Kseniya"]
[Black "Sidorenja, Milena"]
[Result "1-0"]
[ECO "B31"]
[WhiteElo "1810"]
[BlackElo "1510"]
[Annotator "NA"]
[PlyCount "59"]
[EventDate "2022.01.11"]
[EventType "tourn"]
[EventCountry "BLR"]
[SourceTitle "playchess.com"]
[Source "ChessBase"]
[SourceQuality "1"]
[TimeControl "40/5400+30:1800+30"]

1. e4 c5 2. Nf3 Nc6 3. Bb5 g6 4. O-O Bg7 5. Bxc6 bxc6 6. Nc3 e5 7. d3 Ne7 8. Qe2 O-O 9. Be3 d6 10. Nd2 f5 11. f4 g5 12. fxe5 f4 13. exd6 Qxd6 14. Nc4 Qe6 15. Bxc5 g4 16. e5 Ba6 17. Bxe7 Qxe7 18. Qxg4 Bxc4 19. dxc4 Qxe5 20. Kh1 Rae8 21. Rad1 Re6 22. h3 h5 23. Qh4 Rg6 24. Rd8 Rxd8 25. Qxd8+ Kh7 26. Qd3 Qg5 27. Qf3 Bxc3 28. bxc3 Rf6 29. Rd1 Qf5 30. Qd3 1-0

[Event "Belarus-ch Women 2022"]
[Site "Minsk"]
[Date "2022.01.15"]
[Round "5.2"]
[White "Khomich, Maryna"]
[Black "Zeliantsova, Kseniya"]
[Result "0-1"]
[ECO "E68"]
[WhiteElo "1627"]
[BlackElo "1988"]
[Annotator "ChessBase"]
[PlyCount "110"]
[EventDate "2022.01.11"]
[EventType "tourn"]
[EventCountry "BLR"]
[SourceTitle "playchess.com"]
[Source "ChessBase"]
[SourceQuality "1"]
[TimeControl "40/5400+30:1800+30"]

1. Nf3 g6 2. g3 Bg7 3. Bg2 d6 4. d4 Nd7 5. c4 Ngf6 6. O-O O-O 7. Nc3 e5 8. e4 Re8 9. h3 h6 10. Re1 exd4 11. Nxd4 Nc5 12. Rb1 Ne6 13. Be3 Ng5 14. Bxg5 hxg5 15. Qd2 g4 16. h4 Nd7 17. Nd5 Ne5 18. b3 c6 19. Ne3 Qf6 20. Rbd1 Bf8 21. Nf1 a6 22. Qf4 Qh8 23. Qc1 Bh6 24. Qa3 Qf6 25. Ne3 Bf8 26. Qa5 Bd7 27. b4 b5 28. Qa3 bxc4 29. Qc3 Be6 30. Kf1 Nd3 31. Re2 c5 32. bxc5 dxc5 33. Nb5 Qe7 34. Na3 Bg7 35. Qc2 Nb4 36. Qa4 c3 37. Nac4 c2 38. Rc1 Bh6 39. Rcxc2 Nxc2 40. Qxc2 Rab8 41. Kg1 Bxe3 42. Rxe3 Rb4 43. Bf1 Reb8 44. Re1 Qb7 45. Bd3 Bxc4 46. Bxc4 Rb1 47. Rf1 Rxf1+ 48. Bxf1 Qc6 49. Bc4 a5 50. Bd5 Qf6 51. e5 Qf5 52. Qxc5 Rb1+ 53. Kh2 Re1 54. Qc4 Qxf2+ 55. Bg2 Qg1# 0-1

[Event "Belarus-ch Women 2022"]
[Site "Minsk"]
[Date "2022.01.15"]
[Round "5.3"]
[White "Koishman, Karina"]
[Black "Ajusheva, Renata"]
[Result "1/2-1/2"]
[ECO "D01"]
[WhiteElo "1359"]
[BlackElo "1464"]
[Annotator "NA"]
[PlyCount "93"]
[EventDate "2022.01.11"]
[EventType "tourn"]
[EventCountry "BLR"]
[SourceTitle "playchess.com"]
[Source "ChessBase"]
[SourceQuality "1"]
[TimeControl "40/5400+30:1800+30"]

1. d4 d5 2. Nc3 Nf6 3. Bg5 Nbd7 4. f3 c6 5. Qd2 h6 6. Bh4 b5 7. e3 Nb6 8. Bd3 Nc4 9. Bxc4 bxc4 10. e4 g5 11. Bf2 Rg8 12. e5 Nh5 13. Nge2 g4 14. f4 Bf5 15. O-O e6 16. Nd1 Rb8 17. a3 Be7 18. Ne3 Rxb2 19. Nxf5 exf5 20. Rfb1 Rb6 21. a4 a5 22. Qc1 Kd7 23. Be1 Bb4 24. Bxb4 axb4 25. a5 Rb5 26. a6 Qb6 27. c3 b3 28. Qa3 Qc7 29. g3 Ng7 30. Kf2 Ra8 31. Ke3 Ne6 32. h3 h5 33. hxg4 hxg4 34. Rh1 b2 35. Rab1 Rb3 36. Qa2 Qb6 37. Rbg1 Rxa6 38. Qb1 Ra1 39. Qxf5 Rxg1 40. Qxf7+ Kc8 41. Qxe6+ Kb7 42. Rxg1 b1=Q 43. Rxb1 Rxb1 44. f5 Rf1 45. Qe7+ Kc8 46. Qe8+ Kb7 47. Qe7+ 1/2-1/2

[Event "Belarus-ch Women 2022"]
[Site "Minsk"]
[Date "2022.01.15"]
[Round "5.4"]
[White "Poliakova, Varvara"]
[Black "Bendik, Margarita"]
[Result "1-0"]
[ECO "B01"]
[WhiteElo "2116"]
[BlackElo "1388"]
[Annotator "ChessBase"]
[PlyCount "67"]
[EventDate "2022.01.11"]
[EventType "tourn"]
[EventCountry "BLR"]
[SourceTitle "playchess.com"]
[Source "ChessBase"]
[SourceQuality "1"]
[TimeControl "40/5400+30:1800+30"]

1. e4 d5 2. exd5 Qxd5 3. Nc3 Qd6 4. d4 Nf6 5. Nf3 c6 6. Ne5 Nbd7 7. f4 Nb6 8. g4 g6 9. Bg2 Nbd5 10. O-O Bg7 11. g5 Nxc3 12. bxc3 Nd5 13. c4 Nc3 14. Qf3 Bxe5 15. fxe5 Qxd4+ 16. Kh1 Qxc4 17. e6 O-O 18. Bd2 Nb5 19. exf7+ Rxf7 20. Qe3 Bf5 21. a4 Nc7 22. Qe5 Nd5 23. Rae1 Qxc2 24. Bc1 Nc3 25. Be3 Be4 26. Rg1 Rf5 27. Qxe7 Rf7 28. Qe5 Ne2 29. Bxe4 Qc4 30. Rg2 Raf8 31. Rgxe2 Rf1+ 32. Kg2 Rxe1 33. Rxe1 c5 34. Bd5+ 1-0